 Dungeon Crawl Stone Soup version 0.23.2-40-g277498a001 (webtiles) character file.

Game seed: 4773986504253113327

1434 Amplified the Warrior (level 8, -4/81 HPs)
             Began as a Minotaur Chaos Knight on Sept 4, 2019.
             Was a Plaything of Xom.
             Engulfed by a steam dragon's steam (7 damage)
             ... on level 5 of the Dungeon.
             The game lasted 00:04:04 (3150 turns).

Amplified the Warrior (Minotaur Chaos Knight)       Turns: 3150, Time: 00:04:05

Health: -4/81      AC:  5    Str: 19    XL:     8   Next: 45%
Magic:  7/7        EV: 11    Int:  9    God:    Xom [..*...]
Gold:   250        SH:  0    Dex: 10    Spells: 7/7 levels left

rFire    . . .     SeeInvis .   l - +6 quarterstaff (chaos)
rCold    . . .     Gourm    .   (shield currently unavailable)
rNeg     . . .     Faith    .   b - +2 leather armour
rPois    .         Spirit   .   (helmet restricted)
rElec    .         Reflect  .   (no cloak)
rCorr    .         Harm     .   (no gloves)
MR       +....                  (no boots)
Stlth    +.........             (no amulet)
HPRegen  0.23/turn              (no ring)
MPRegen  0.10/turn              (no ring)

@: berserk cooldown, slowed, very slow
A: retaliatory headbutt, horns 2, blurry vision 1, frail 1, magic resistance 1
a: Renounce Religion


You were on level 5 of the Dungeon.
You worshipped Xom.
You were a toy of Xom.
You were very hungry.

You visited 1 branch of the dungeon, and saw 5 of its levels.

You collected 250 gold pieces.

Inventory:

Hand Weapons
 l - a +6 quarterstaff of chaos (weapon)
Armour
 b - a +2 leather armour (worn)
 k - a +0 ring mail
Jewellery
 q - an uncursed ring of flight
Wands
 f - a wand of random effects (17)
Scrolls
 g - 2 scrolls of teleportation
 h - a scroll of blinking {unknown}
 i - a scroll of enchant armour {unknown}
 j - a scroll of remove curse {unknown}
 m - a scroll of fog {unknown}
Potions
 d - a potion of berserk rage
 o - a potion of brilliance
Comestibles
 c - 7 rations


   Skills:
 * Level 15.0 Fighting
   Level 5.5 Axes
 * Level 5.5 Staves
 + Level 0.1 Throwing
 * Level 4.9 Armour
 - Level 1.1 Dodging
 + Level 1.0 Stealth
 + Level 0.1 Evocations


You had 7 spell levels left.
You didn't know any spells.
Your spell library was empty.

Dungeon Overview and Level Annotations

Branches:
Dungeon (5/15)
 Temple: D:4-7

Altars:
Ashenzari
Cheibriados
Hepliaklqana
Ru
Trog

Shops:
D:5 (


Innate Abilities, Weirdness & Mutations

You reflexively headbutt those who attack you in melee.
You have a pair of horns on your head.
Scrolls take you a little longer to read.
You are frail. (-10% HP)
You are resistant to hostile enchantments. (MR+)


Message History

You hear a shout! x2
Okay, then.
You feel more experienced!
Your Fighting skill gained 9 levels and is now at level 15!
You have reached level 8!
You feel agile.
You are engulfed in a cloud of scalding steam.
* * * LOW HITPOINT WARNING * * *
The steam dragon bites you but does no damage.
The steam dragon claws you but does no damage.
The steam dragon barely misses you.
The steam dragon claws you but does no damage.
Okay, then.
It was a potion of mutation.
You feel extremely strange.
You feel frail.
Your vision blurs.
You feel resistant to hostile enchantments.
Xom thinks this is hilarious!
You are engulfed in a cloud of scalding steam.
You die...
Xom cackles wildly!

......#.#....#
..:.......#....#
........#......#
.....≈≈≈.#.....#
#.§≈≈≈≈≈#.....# ##
#§.§.∩≈≈.....#
....##§§§≈≈≈≈....#
#....#≈≈≈#....#### #
#@# #..#.#.)..# #..
#D###..._..##.#
#...##r#...##.#.##.#
#.......####...##.####
#.....### ##..##....#
.....#..# ...#####..
.$....... #.#.# ##.
......... ..#.# #.
##...#.### #..


You could see a steam dragon and a quokka.

Vanquished Creatures
  A phantom (D:3)
  4 ogres
  An orc priest (D:3)
  A quasit (D:5)
  Crazy Yiuf (D:2)
  A worker ant (D:4)
  2 orc wizards (D:3)
  3 adders
  3 oozes (D:1)
  An adder skeleton (D:2)
  2 worms (D:3)
  5 dart slugs
  3 leopard geckos (D:1)
  6 orcs
  11 bats
  3 giant cockroaches
  4 goblins
  12 hobgoblins
  7 jackals
  8 kobolds
  2 quokkas
  A ball python (D:3)
  A ball python skeleton (D:4)
  4 frilled lizards
  9 rats
96 creatures vanquished.

Vanquished Creatures (others)
  A wizard (D:4)
1 creature vanquished.

Grand Total: 97 creatures vanquished

Notes
Turn   | Place    | Note
-------+----------+-------------------------------------------
     0 | D:1      | Amplified the Minotaur Chaos Knight began the quest for the
                  | Orb.
     0 | D:1      | Reached XP level 1. HP: 19/19 MP: 0/0
   175 | D:1      | Reached skill level 4 in Fighting
   175 | D:1      | Reached XP level 2. HP: 21/27 MP: 1/1
   199 | D:1      | XOM: harmless Tloc miscast
   423 | D:1      | XOM: silly message
   536 | D:1      | XOM: potion effect (invisibility)
   642 | D:1      | Reached XP level 3. HP: 34/34 MP: 2/2
   843 | D:1      | XOM: noise
  1019 | D:2      | Reached XP level 4. HP: 41/41 MP: 3/3
  1086 | D:2      | Reached skill level 5 in Axes
  1118 | D:2      | XOM: medium Air miscast
  1207 | D:2      | XOM: harmless Ice miscast
  1546 | D:2      | Found a runed translucent door.
  1547 | D:2      | Noticed Crazy Yiuf
  1658 | D:2      | Killed Crazy Yiuf
  1736 | D:3      | Noticed a phantom
  1742 | D:3      | Killed a phantom
  1742 | D:3      | Reached skill level 5 in Fighting
  1742 | D:3      | Reached skill level 1 in Staves
  1742 | D:3      | Reached XP level 5. HP: 47/48 MP: 4/4
  1800 | D:3      | XOM: silly message
  1808 | D:3      | Found a shattered altar of Ashenzari.
  1816 | D:3      | XOM: potion effect (invisibility)
  2041 | D:3      | Reached XP level 6. HP: 36/56 MP: 5/5
  2147 | D:3      | Found a snail-covered altar of Cheibriados.
  2193 | D:3      | Found a sacrificial altar of Ru.
  2724 | D:4      | Reached XP level 7. HP: 39/62 MP: 6/6
  3031 | D:4      | Found a bloodstained altar of Trog.
  3032 | D:4      | Noticed a wizard
  3038 | D:4      | Killed a wizard
  3098 | D:5      | Entered Level 5 of the Dungeon
  3112 | D:5      | Found a hazy altar of Hepliaklqana.
  3113 | D:5      | Found Mesuom's Antique Weapon Boutique.
  3126 | D:5      | Reached skill level 6 in Fighting
  3126 | D:5      | Reached skill level 5 in Staves
  3128 | D:5      | Reached skill level 1 in Stealth
  3147 | D:5      | Noticed a steam dragon
  3147 | D:5      | an iguana changed into a steam dragon
  3149 | D:5      | Reached skill level 15 in Fighting
  3149 | D:5      | Reached XP level 8. HP: 17/91 MP: 7/7
  3149 | D:5      | HP: 3/91 [steam dragon] (14)]
  3150 | D:5      | Gained mutation: You are frail. (-10% HP) [potion of
                  | mutation]
  3150 | D:5      | Gained mutation: Scrolls take you a little longer to read.
                  | [potion of mutation]
  3150 | D:5      | Gained mutation: You are resistant to hostile enchantments.
                  | (MR+) [potion of mutation]
  3150 | D:5      | Engulfed by a steam dragon's steam

Skill      XL: |  1  2  3  4  5  6  7 |
---------------+----------------------+-----
Fighting       | 4 5 15 | 15.0
Axes           | 4 5 |  5.5
Armour         | 3 4 |  4.9
Staves         | 1 2 4 5 |  5.5
Stealth        | 1 |  1.0
Throwing       | |  0.1
Dodging        | |  1.1
Evocations     | |  0.1

Action                   |  1- 3 |  4- 6 |  7- 9 || total
-------------------------+-------+-------+-------++-------
Melee: Hand axe          |    67 |    43 |       ||   110
       Headbutt          |     6 |    13 |       ||    19
       Quarterstaff      |       |    63 |    14 ||    77
Throw: Throwing net      |       |     1 |       ||     1
Evoke: Wand              |       |     2 |       ||     2
  Use: Scroll            |     1 |     7 |     1 ||     9
       Potion            |       |     3 |     3 ||     6
 Stab: Invisible         |       |     1 |       ||     1
  Eat: Chunk             |       |     6 |       ||     6
Armor: Leather armour    |    34 |    41 |    12 ||    87
Dodge: Dodged            |    52 |    54 |    11 ||   117
